 Dungeon Crawl Stone Soup version 0.28-a0-1506-g3893175d92 (webtiles) character file.

Game seed: 5716821133097971518

130023 dolemite99 the Nimble (level 16, -2/120 HPs)
             Began as a Demonspawn Ice Elementalist on Jan 13, 2022.
             Was the Champion of Dithmenos.
             Killed from afar by an eleionoma (36 damage)
             ... with a spray of wooden splinters
             ... on level 4 of the Swamp on Jan 14, 2022.
             The game lasted 01:29:01 (50056 turns).

dolemite99 the Nimble (DsIE)                       Turns: 50056, Time: 01:29:01

Health: -2/120     AC: 18    Str: 12    XL:     16   Next: 52%
Magic:  33/37      EV: 17    Int: 25    God:    Dithmenos [******]
Gold:   1155       SH:  7    Dex: 15    Spells: 1/31 levels left

rFire   + . .      SeeInvis +   b - +7 hunting sling "Goblinslayer" {vorpal, rC+ SInv}
rCold   + . .      Faith    .   K - +2 buckler
rNeg    . . .      Spirit   .   y - +4 acid dragon scales
rPois   +          Reflect  .   (helmet restricted)
rElec   .          Harm     +   i - scarf {harm}
rCorr   +          Rampage  .   N - +2 pair of gloves
Will    +....                   (no boots)
Stlth   +++.......              v - amulet of regeneration
HPRegen 1.10/turn               e - ring of Qaitoficw {MP+9 Str+2 Int+3, =R}
MPRegen 0.50/turn               o - ring of protection from fire

@: about to teleport, slowed, wreathed by umbra, very slow
A: antennae 2, slimy green scales 3, spiny 2, magic regeneration, bedeviling,
fangs 1, screaming 1
a: Renounce Religion, Shadow Step, Shadow Form


You were on level 4 of the Swamp.
You worshipped Dithmenos.
Dithmenos was exalted by your worship.
You visited 4 branches of the dungeon, and saw 27 of its levels.

You collected 2997 gold pieces.
You spent 1842 gold pieces at shops.

Inventory:

Hand Weapons
 a - the +9 trident of the Warrior {protect, rC+ rN+ Will+ Dex-3}
   (You found it on level 3 of the Swamp)

   It grants its wielder temporary protection when it strikes (+7 to AC).
   Dex:       It affects your dexterity (-3).
   rC:        It protects you from cold.
   rN:        It protects you from negative energy.
   Will:      It increases your willpower.
 b - the +7 hunting sling "Goblinslayer" (weapon) {vorpal, rC+ SInv}
   (You took it off an orc priest on level 6 of the Dungeon)

   Any ammunition fired from it inflicts extra damage upon your enemies.
   rC:        It protects you from cold.
   SInv:      It lets you see invisible.
 g - a +5 trident of flaming
 V - a +7 trident of freezing
Missiles
 c - 826 stones
 p - 5 curare-tipped darts
 w - 25 poisoned darts
 E - 4 javelins
 F - 178 sling bullets (quivered ammo)
 G - 2 silver boomerangs
 I - 12 boomerangs
 O - 6 silver javelins
Armour
 i - a scarf of harm (worn)
 y - +4 acid dragon scales (worn)
 K - a +2 buckler (worn)
 N - a +2 pair of gloves (worn)
 U - +0 swamp dragon scales
Jewellery
 e - the ring of Qaitoficw (left hand) {MP+9 Str+2 Int+3, =R}
   (You bought it in a shop on level 2 of the Orcish Mines)

   [ring of magical power]

   Str:       It affects your strength (+2).
   Int:       It affects your intelligence (+3).
   MP:        It affects your magic capacity (+9).
 l - a ring of protection from fire
 o - a ring of protection from fire (right hand)
 s - a ring of positive energy
 v - an amulet of regeneration (around neck)
 H - a +4 ring of protection
 J - a ring of willpower
 P - a +4 ring of protection
 Q - a ring of ice
Wands
 k - a wand of polymorph (20)
 q - a wand of iceblast (3)
 u - a wand of flame (56)
 T - a wand of paralysis (2)
Scrolls
 d - 4 scrolls of fog
 r - 4 scrolls of identify {@r1}
 C - 2 scrolls of teleportation
 S - a scroll of brand weapon
Potions
 f - a potion of haste
 h - 3 potions of flight
 j - 2 potions of resistance
 m - 5 potions of brilliance
 n - 7 potions of ambrosia
 t - a potion of cancellation
 x - 5 potions of curing
 z - 3 potions of lignification
 A - 2 potions of might
 B - 3 potions of attraction
 L - 2 potions of berserk rage
 M - a potion of magic
 R - 2 potions of invisibility
Miscellaneous
 D - a box of beasts (inert)


   Skills:
 + Level 9.6 Fighting
 - Level 5.7 Polearms
 - Level 3.2 Slings
 - Level 3.3 Armour
 - Level 13.3 Dodging
 - Level 1.7 Stealth
 - Level 4.1 Shields
 - Level 8.0 Spellcasting
 - Level 7.3 Conjurations
 - Level 10.9 Summonings
 + Level 10.0 Necromancy
 - Level 10.2 Ice Magic
 - Level 10.2 Air Magic
 - Level 7.5 Earth Magic
 - Level 6.7 Poison Magic


You had one spell level left.
You knew the following spells:

 Your Spells              Type           Power      Damage    Failure   Level
a - Summon Ice Beast      Ice/Summ       58%        N/A       1%          4
b - Summon Lightning Spi  Summ/Air       58%        N/A       1%          4
c - Olgreb's Toxic Radia  Pois           43%        N/A       7%          4
d - Borgnjor's Vile Clut  Necr/Erth      26%        N/A       9%          5
e - Ozocubu's Armour      Ice            57%        N/A       1%          3
f - Animate Dead          Necr           28%        N/A       1%          4
g - Vampiric Draining     Necr           57%        2d10      1%          3
h - Frozen Ramparts       Ice            100%       1d12      1%          3

Your spell library contained the following spells:

 Spells                   Type           Power      Damage    Failure   Level
 Animate Skeleton         Necr           100%       N/A       1%          1
 Freeze                   Ice            100%       1d11      1%          1
 Pain                     Necr           100%       1d9       1%          1
 Sandblast                Erth           94%        2d19      1%          1
 Shock                    Conj/Air       100%       1d9       1%          1
 Summon Small Mammal      Summ           100%       N/A       1%          1
 Foxfire                  Conj/Fire      100%       2x1d9     2%          1
 Sting                    Tmut/Pois      100%       1d8       3%          1
 Apportation              Tloc           20%        N/A       12%         1
 Beastly Appendage        Tmut           20%        N/A       12%         1
 Slow                     Hex            60%        N/A       12%         1
 Corpse Rot               Necr/Air       100%       N/A       1%          2
 Poisonous Vapours        Pois/Air       100%       N/A       1%          2
 Call Canine Familiar     Summ           60%        N/A       1%          3
 Stone Arrow              Conj/Erth      94%        3d12      1%          3
 Swiftness                Air            57%        N/A       1%          3
 Airstrike                Air            28%        N/A       1%          4
 Passwall                 Tmut/Erth      24%        N/A       3%          2
 Summon Guardian Golem    Hex/Summ       54%        N/A       3%          3
 Hailstorm                Conj/Ice       52%        3d12      3%          4
 Agony                    Necr           57%        N/A       5%          5
 Excruciating Wounds      Necr           28%        N/A       5%          5
 Conjure Flame            Conj/Fire      28%        6-21      8%          3
 Spider Form              Tmut/Pois      26%        N/A       9%          3
 Ice Form                 Ice/Tmut       35%        N/A       14%         4
 Wereblood                Tmut           10%        N/A       17%         2
 Leda's Liquefaction      Hex/Erth       21%        N/A       24%         4
 Flame Wave               Conj/Fire      28%        2d6       26%         4
 Death Channel            Necr           28%        N/A       28%         6
 Summon Forest            Summ/Tloc      18%        N/A       32%         5
 Confusing Touch          Hex            15%        N/A       34%         3
 Inner Flame              Hex/Fire       15%        N/A       34%         3
 Portal Projectile        Hex/Tloc       30%        N/A       34%         3
 Summon Hydra             Summ           30%        N/A       73%         7
 Ozocubu's Refrigeration  Ice            28%        4d10      83%         7
 Blade Hands              Tmut           5%         N/A       97%         5
 Eringya's Noxious Bog    Tmut/Pois      13%        N/A       99%         6
 Storm Form               Tmut/Air       17%        N/A       100%        7
 Maxwell's Capacitive Co  Air            28%        ∞         100%        8


Dungeon Overview and Level Annotations

Branches:
Dungeon (15/15)            Temple (0/1) D:4            Lair (6/6) D:9
  Swamp (4/4) Lair:2       Spider (0/4) Lair:3        Slime (0/5) Lair:5
    Orc (2/2) D:12            Elf (0/3) Orc:2        Vaults (0/5) D:13
 Depths (0/4) D:15

Altars:
Dithmenos
Hepliaklqana
Qazlal
Trog
Uskayaw
Yredelemnul
Beogh
Lugonu

Shops:
D:1 *   D:7 *   D:8 *   D:14 ?[*!*   Orc:1 *   Orc:2 =*!?

Portals:
Abyss: Orc:1

Annotations:
D:9 exclusion: ice statue
D:12 1 runed translucent door, Woshoism's ghost, journeyman HuFi
Lair:4 Rupert
Lair:6 1 runed translucent door


Innate Abilities, Weirdness & Mutations

You have a pair of antennae on your head.
You are completely covered in slimy green scales. (AC +4, rPois)
You are mostly covered in sharp spines.
You regenerate magic rapidly.
Your hexes are more powerful.
You have very sharp teeth.
You occasionally shout uncontrollably at your foes.


Message History

Your ice beast hits the thorn hunter but does no damage.
The thorn hunter fires a volley of thorns at you.
The volley of thorns hits you!!
* * * LOW HITPOINT WARNING * * *
You emit a cloud of dark smoke.
Your ice beast barely misses the thorn hunter.
As you read the scroll of teleportation, it crumbles to dust.
You feel strangely unstable.
The thorn hunter hits you but does no damage. x2
Your ice beast barely misses the thorn hunter.
Your lightning spire shoots out a bolt of lightning at the thorn hunter!
The bolt of electricity hits the thorn hunter.
The bolt of electricity hits the thorn hunter!
The bolt of electricity hits your lightning spire.
Your lightning spire completely resists.
You block the thorn hunter's attack. The thorn hunter misses you.
The thorn hunter gestures.
You enter the shallow water.
Moving in this stuff is going to be slow.
Your surroundings suddenly seem different.
You yell at the bog body!
An eight-headed hydra, 2 swamp drakes, 3 bog bodies, a swamp dragon, an eleionoma and a goliath frog come into view.
Found a dagger and 33 sling bullets.
The swamp drake roars!
The four-headed hydra roars!
The swamp dragon roars deafeningly!
The swamp drake roars!
The eleionoma shouts!
You hear a deafening roar!
You hear a shout! x5
You hear a roar!
The swamp drake breathes poison at you.
The noxious blast engulfs you but does no damage.
You resist.
The bog body gestures at you while chanting.
You resist with some effort. The bog body casts a spell at you.
You feel yourself slow down.
The eleionoma flows through the trees.
As you read the scroll of teleportation, it crumbles to dust.
You feel strangely unstable.
The eleionoma is engulfed in noxious fumes.
The eleionoma hurls a spray of splinters at you.
The spray of wooden splinters hits you!!
You die...

..≈≈≈≈ .≈≈≈..
♣..D... ..≈≈..≈
.≈≈≈≈n. ≈)♣♣♣♣♣
≈≈≈≈≈≈.
≈.....°♣°F≈.n≈.
≈≈..≈k°@DD≈≈≈≈≈
≈≈≈k≈≈°R°≈≈≈≈≈≈
≈≈≈≈≈≈.♣°≈≈≈≈≈≈
≈..≈≈≈. ≈.≈≈n.♣
.≈.§≈≈≈ .≈§≈.♣♣
♣♣<≈≈≈ ≈(.≈≈§≈
≈§≈§♣♣ ♣.≈≈≈. ♣
...§≈≈. ≈≈≈.♣
§D≈≈≈≈♣♣ ≈..≈≈≈≈
≈≈...≈≈.≈≈≈.(.♣≈
≈≈≈.≈≈≈.≈.≈≈.


You could see an eleionoma, an eight-headed hydra, a four-headed hydra, a swamp
dragon, a goliath frog, 3 bog bodies and 2 swamp drakes.

Vanquished Creatures
  A tentacled monstrosity (Swamp:3)
  Kirke (Lair:4)
  An orc warlord (Orc:2)
  3 bunyips
  An eleionoma (Swamp:3)
  Harold (D:10)
  A vault guard (D:13)
  7 hydras
  An ogre mage (D:15)
  3 centaur warriors
  A catoblepas (Lair:5)
  3 boulder beetles
  An alligator (Swamp:1)
  5 two-headed ogres
  2 tengu warriors (D:14)
  3 orc high priests
  3 skeletal warriors
  3 goliath frogs
  A deep troll (shapeshifter) (D:13)
  2 bog bodies
  3 swamp dragons
  3 orc knights
  8 orc sorcerers
  A deep elf zephyrmancer (D:15)
  6 manticores
  4 ugly things
  6 slime creatures
  2 will-o-the-wisps
  2 cyclopes
  4 torpor snails (Lair:6)
  6 elephants (Lair:6)
  A gargoyle (D:10)
  6 cane toads
  A rime drake (Lair:6)
  7 komodo dragons
  A tengu conjurer (D:14)
  A hornet (Lair:6)
  A queen bee (Lair:1)
  3 polar bears (Lair:6)
  5 tyrant leeches
  A dream sheep (Lair:6)
  2 blink frogs
  Grinder (D:4)
  A wraith (D:12)
  39 yaks
  2 shadows (D:12)
  2 wyverns
  2 spriggans (Swamp:3)
  A fire elemental (D:15)
  2 hogs (Lair:4)
  2 basilisks
  2 steam dragons
  13 vampire mosquitoes
  4 wargs
  Edmund (D:4)
  3 swamp worms
  13 water moccasins
  2 acid dragons
  8 hell hounds (Lair:6)
  Duvessa (D:4)
  25 orc warriors
  A swamp drake (Lair:6)
  11 black bears
  An ice beast (D:6)
  2 sky beasts
  8 ogres
  7 centaurs
  11 wolves
  A phantom (D:4)
  A nameless horror (Lair:6)
  2 kobold brigands
  5 bullfrogs
  2 wyvern zombies (D:7)
  A gnoll sergeant (D:10)
  5 scorpions
  Dowan (D:4)
  A troll zombie (D:12)
  30 killer bees
  14 wights
  7 howler monkeys
  3 centaur zombies
  3 hounds
  2 bullfrog zombies
  20 orc priests
  3 gnoll shamans
  3 bullfrog skeletons
  A jelly (D:6)
  3 centaur skeletons
  Crazy Yiuf (D:2)
  Terence (D:2)
  Natasha (thrice) (D:2)
  2 iguanas
  10 orc wizards
  A killer bee zombie (D:8)
  3 ogre zombies (D:12)
  A howler monkey zombie (D:9)
  16 gnolls
  8 adders
  A shadow imp (D:5)
  8 ufetubi
  A worm (D:4)
  3 dart slugs
  74 orcs
  5 ball pythons
  2 bats
  5 endoplasms
  4 giant cockroaches
  12 goblins
  6 hobgoblins
  4 jackals (D:4)
  16 kobolds
  8 quokkas
  A frilled lizard (D:2)
  3 hobgoblin zombies (D:12)
  2 orc skeletons (D:12)
  3 orc zombies (D:12)
  9 rats
  A lurking horror (Orc:1)
605 creatures vanquished.

Vanquished Creatures (collateral kills)
  A fenstrider witch (Swamp:1)
  2 eleionomae (Swamp:3)
  Azrael (D:15)
  An ettin (Orc:1)
  A ghost crab (Swamp:4)
  8 hydras
  2 centaur warriors
  2 two-headed ogres
  2 orc high priests (Orc:2)
  Sonja (D:12)
  Nergalle (D:12)
  A spriggan (Swamp:2)
  A fire crab (shapeshifter) (D:15)
  4 skeletal warriors
  4 goliath frogs
  6 swamp dragons
  A spriggan druid (Swamp:3)
  A necromancer (D:15)
  A lindwurm (Lair:6)
  An orc knight (Orc:2)
  2 deep elf pyromancers
  8 ugly things
  3 orc sorcerers
  A wolf spider zombie (D:15)
  A wolf spider (D:15)
  3 cyclopes (D:13)
  3 elephants (Lair:6)
  A guardian serpent (shapeshifter) (D:13)
  An eye of devastation (Lair:5)
  2 gargoyles
  2 cane toads (Lair:6)
  3 torpor snails (Lair:6)
  2 freezing wraiths (D:15)
  A komodo dragon (Lair:6)
  2 tengu conjurers
  5 trolls
  6 polar bears (Lair:6)
  A bloated husk (Swamp:3)
  5 slime creatures
  12 dream sheep (Lair:6)
  6 hornets
  6 blink frogs
  6 tyrant leeches
  A centaur simulacrum (D:15)
  2 vampires
  A wraith (D:13)
  10 yaks
  A vampire mosquito (D:13)
  5 wargs
  6 swamp worms
  2 water moccasins (Lair:6)
  A floating eye (Lair:5)
  10 hell hounds
  5 swamp drakes
  16 orc warriors
  3 black bears (Lair:6)
  7 centaurs
  11 ogres
  11 wolves (Lair:6)
  12 orc priests
  6 orc wizards
  4 ogre zombies (D:12)
  24 orcs
  2 goblin skeletons (D:12)
  3 goblin zombies (D:12)
  2 hobgoblin skeletons (D:12)
  A hobgoblin zombie (D:12)
  3 orc skeletons (D:12)
  6 orc zombies (D:12)
279 creatures vanquished.

Vanquished Creatures (others)
  An alligator (Swamp:1)
  A cyclops (D:14)
  6 foxfires
  35 fungi
  91 plants
134 creatures vanquished.

Grand Total: 1018 creatures vanquished

Notes
Turn   | Place    | Note
-------+----------+-------------------------------------------
     0 | D:1      | dolemite99 the Demonspawn Ice Elementalist began the quest
                  | for the Orb.
     0 | D:1      | Reached XP level 1. HP: 13/13 MP: 3/3
    17 | D:1      | You fall into a shaft and drop 1 floor!
   151 | D:1      | Reached skill level 2 in Dodging
   598 | D:1      | Gained mutation: You are partially covered in slimy green
                  | scales. (AC +2) [demonic ancestry]
   598 | D:1      | Reached XP level 2. HP: 19/19 MP: 3/5
  1220 | D:1      | Found Azuec's General Store.
  1992 | D:2      | Noticed a shining eye
  1994 | D:2      | Found a faded altar of an unknown god.
  1996 | D:2      | Noticed a floating eye
  1998 | D:2      | Noticed an eye of devastation
  1998 | D:2      | Noticed a golden eye
  2004 | D:2      | Reached XP level 3. HP: 21/24 MP: 3/6
  2005 | D:2      | Prayed at the altar of an unknown god.
  2005 | D:2      | Became a worshipper of Dithmenos the Shadowed
  2005 | D:2      | Reached * piety under Dithmenos
  2178 | D:2      | Noticed Natasha
  2191 | D:2      | Killed Natasha
  2351 | D:2      | Reached skill level 3 in Dodging
  2366 | D:2      | Noticed Terence
  2379 | D:2      | Killed Terence
  2380 | D:2      | Reached XP level 4. HP: 21/30 MP: 0/7
  3256 | D:2      | Noticed Natasha
  3262 | D:2      | Killed Natasha
  3263 | D:2      | Reached skill level 1 in Fighting
  3720 | D:2      | Found a runed translucent door.
  3721 | D:2      | Noticed Crazy Yiuf
  3774 | D:2      | Killed Crazy Yiuf
  3775 | D:2      | Gained mutation: You are mostly covered in slimy green
                  | scales. (AC +3) [demonic ancestry]
  3775 | D:2      | Reached XP level 5. HP: 37/38 MP: 3/8
  3861 | D:3      | Reached skill level 5 in Ice Magic
  3921 | D:3      | Learned a level 3 spell: Frozen Ramparts
  4922 | D:3      | Noticed a black bear
  4933 | D:3      | Killed a black bear
  4933 | D:3      | Reached ** piety under Dithmenos
  4934 | D:3      | Gained mutation: You are partially covered in sharp spines.
                  | [demonic ancestry]
  4934 | D:3      | Reached XP level 6. HP: 46/46 MP: 5/9
  5072 | D:3      | Found a bloodstained altar of Trog.
  5078 | D:3      | Found a hazy altar of Hepliaklqana.
  5088 | D:3      | Found a stormy altar of Qazlal.
  5408 | D:4      | Learned a level 3 spell: Ozocubu's Armour
  5713 | D:4      | Gained mutation: You have a pair of small antennae on your
                  | head. [demonic ancestry]
  5713 | D:4      | Reached XP level 7. HP: 52/52 MP: 5/10
  5812 | D:4      | Found a staircase to the Ecumenical Temple.
  5871 | D:4      | Noticed Edmund
  5884 | D:4      | Killed Edmund
  5885 | D:4      | Reached skill level 4 in Dodging
  5950 | D:4      | Learned a level 1 spell: Sandblast
  5970 | D:4      | Noticed Grinder
  5985 | D:4      | Killed Grinder
  6012 | D:4      | Noticed Duvessa
  6066 | D:4      | Noticed Dowan
  6073 | D:4      | Killed Duvessa
  6080 | D:4      | Killed Dowan
  6081 | D:4      | Gained mutation: You regenerate magic rapidly. [demonic
                  | ancestry]
  6081 | D:4      | Reached XP level 8. HP: 26/58 MP: 1/11
  6802 | D:5      | Entered Level 5 of the Dungeon
  7303 | D:2      | Noticed Natasha
  7309 | D:2      | Killed Natasha
  8009 | D:5      | Reached skill level 5 in Earth Magic
  8146 | D:5      | Identified the +9 shortbow "Plog" {freeze, Contam rPois rF+
                  | rN++ Str-2}
  8310 | D:5      | Reached *** piety under Dithmenos
  8385 | D:5      | Learned a level 3 spell: Stone Arrow
  8415 | D:6      | Reached skill level 1 in Conjurations
  8891 | D:6      | Found a basalt altar of Yredelemnul.
  8902 | D:6      | Found a hide-covered altar of Uskayaw.
  9630 | D:6      | Gained mutation: You have a pair of antennae on your head.
                  | [demonic ancestry]
  9630 | D:6      | Reached XP level 9. HP: 47/65 MP: 7/12
  9652 | D:6      | Reached skill level 5 in Conjurations
  9656 | D:6      | Gained mutation: You occasionally shout uncontrollably at
                  | your foes. [potion of mutation]
  9656 | D:6      | Gained mutation: You have very sharp teeth. [potion of
                  | mutation]
 10137 | D:6      | Reached skill level 5 in Dodging
 10422 | D:6      | Reached skill level 6 in Dodging
 10566 | D:6      | Identified the +8 flail "Oshre" {flame, Int+2 Dex+6}
 10695 | D:6      | Reached skill level 7 in Dodging
 10718 | D:6      | Identified the +7 hunting sling "Goblinslayer" {vorpal, rC+
                  | SInv}
 12131 | D:7      | Reached skill level 8 in Dodging
 12424 | D:7      | Reached skill level 5 in Fighting
 12714 | D:7      | Found Xinell's Overcharged Wands.
 12726 | D:7      | Reached **** piety under Dithmenos
 12888 | D:7      | Found the +18 Lear's hauberk
 13092 | D:8      | Reached XP level 10. HP: 66/76 MP: 9/13
 13694 | D:8      | Identified the +2 cloak of Untold Secrets {Will- Dex+4
                  | Stlth+}
 14025 | D:8      | Found Hafam's Neck Hole.
 14073 | D:9      | Found a staircase to the Lair.
 15436 | D:9      | Reached skill level 5 in Spellcasting
 15718 | D:9      | Learned a level 4 spell: Summon Ice Beast
 15858 | D:9      | Noticed an ice statue
 16579 | D:10     | Entered Level 10 of the Dungeon
 16596 | D:10     | Reached skill level 1 in Summonings
 16665 | D:10     | Identified the +7 dagger "Toyvanew" {vorpal, Dex+6}
 16668 | D:10     | Noticed Harold
 16695 | D:10     | Killed Harold
 16870 | D:10     | Noticed a manticore
 17184 | D:10     | Reached XP level 11. HP: 84/84 MP: 16/19
 17371 | D:10     | Reached skill level 5 in Summonings
 17605 | D:10     | Reached ***** piety under Dithmenos
 17860 | D:10     | Noticed a two-headed ogre
 17873 | D:10     | Killed a two-headed ogre
 18241 | D:11     | Learned a level 4 spell: Summon Lightning Spire
 18382 | Lair:1   | Entered Level 1 of the Lair of Beasts
 20846 | Lair:2   | Noticed an eight-headed hydra
 20875 | Lair:2   | Killed an eight-headed hydra
 21206 | Lair:2   | Found a staircase to the Swamp.
 21423 | Lair:2   | Reached skill level 1 in Polearms
 22015 | Lair:3   | Found a hole to the Spider Nest.
 22099 | Lair:3   | Gained mutation: You are mostly covered in sharp spines.
                  | [demonic ancestry]
 22099 | Lair:3   | Reached XP level 12. HP: 84/91 MP: 16/20
 22134 | Lair:3   | Noticed a six-headed hydra
 22140 | Lair:3   | Killed a six-headed hydra
 22805 | Lair:3   | Noticed a four-headed hydra
 22818 | Lair:3   | Killed a four-headed hydra
 22819 | Lair:3   | Reached skill level 5 in Polearms
 22876 | Lair:3   | You fall into a shaft and drop 1 floor!
 22970 | Lair:4   | Noticed Rupert
 23214 | Lair:4   | Reached skill level 1 in Air Magic
 23374 | Lair:4   | Noticed Kirke
 23391 | Lair:4   | Killed Kirke
 24504 | Lair:5   | Noticed a boulder beetle
 24520 | Lair:5   | Killed a boulder beetle
 24962 | Lair:5   | Reached skill level 5 in Air Magic
 25102 | Lair:5   | Found a staircase to the Slime Pits.
 25147 | Lair:5   | Noticed a catoblepas
 25162 | Lair:5   | Killed a catoblepas
 25888 | Lair:6   | Entered Level 6 of the Lair of Beasts
 26420 | Lair:6   | Gained mutation: You are completely covered in slimy green
                  | scales. (AC +4, rPois) [demonic ancestry]
 26420 | Lair:6   | Reached XP level 13. HP: 90/96 MP: 19/21
 26982 | Lair:6   | Reached ****** piety under Dithmenos
 27133 | Lair:6   | Reached skill level 10 in Summonings
 27982 | Lair:6   | Found a runed translucent door.
 28018 | Lair:6   | Reached skill level 10 in Air Magic
 28072 | Lair:6   | Reached skill level 10 in Ice Magic
 29038 | Lair:6   | Reached XP level 14. HP: 103/103 MP: 16/22
 29120 | Lair:6   | Reached skill level 1 in Armour
 29666 | Lair:6   | Learned a level 4 spell: Airstrike
 30445 | D:11     | Learned a level 4 spell: Olgreb's Toxic Radiance
 30556 | D:12     | Reached skill level 1 in Poison Magic
 31248 | D:12     | Found a runed translucent door.
 31368 | D:12     | Noticed Nergalle
 31376 | D:12     | Killed Nergalle
 31377 | D:12     | Reached skill level 5 in Poison Magic
 31701 | D:12     | Noticed Sonja
 31706 | D:12     | Killed Sonja
 31798 | D:12     | Found a staircase to the Orcish Mines.
 32027 | D:12     | Noticed Woshoism's ghost (journeyman HuFi)
 32167 | Orc:1    | Entered Level 1 of the Orcish Mines
 32174 | Orc:1    | Paralysed by an orc sorcerer for 5 turns
 32189 | Orc:1    | Reached skill level 9 in Dodging
 32377 | Orc:1    | You fall into a shaft and drop 1 floor!
 32377 | Orc:2    | Entered Level 2 of the Orcish Mines
 32845 | Orc:1    | Found a corrupted altar of Lugonu.
 32851 | Orc:1    | Found a one-way gate to the infinite horrors of the Abyss.
 33285 | Orc:1    | Found Ulyach's General Store.
 35405 | Orc:2    | Learned a level 3 spell: Vampiric Draining
 35521 | Orc:2    | Reached skill level 1 in Necromancy
 35563 | Orc:2    | Found a staircase to the Elven Halls.
 35815 | Orc:2    | Noticed an orc warlord
 36284 | Orc:2    | Killed an orc warlord
 37191 | Orc:2    | Found Xatial's Assorted Antiques.
 37228 | Orc:2    | Found Ukehy's Jewellery Shop.
 37878 | Orc:2    | Found Danouw's Distillery.
 38067 | Orc:2    | Found Fokiy's Magic Scroll Shop.
 38229 | Orc:2    | Reached XP level 15. HP: 40/110 MP: 16/27
 38659 | Orc:2    | Bought the ring of Qaitoficw {MP+9 Str+2 Int+3} for 562
                  | gold pieces
 38668 | Orc:2    | Learned a level 5 spell: Borgnjor's Vile Clutch
 39306 | D:1      | Bought a potion of resistance for 130 gold pieces
 39306 | D:1      | Bought a potion of heal wounds for 65 gold pieces
 39306 | D:1      | Bought a scroll of teleportation for 39 gold pieces
 39306 | D:1      | Bought a wand of flame (11) for 84 gold pieces
 39569 | Orc:2    | Bought a potion of invisibility for 112 gold pieces
 39569 | Orc:2    | Bought 2 potions of curing for 84 gold pieces
 39569 | Orc:2    | Bought a potion of lignification for 42 gold pieces
 39569 | Orc:2    | Bought a potion of lignification for 42 gold pieces
 39569 | Orc:2    | Bought a potion of curing for 42 gold pieces
 39569 | Orc:2    | Bought a potion of brilliance for 56 gold pieces
 39569 | Orc:2    | Bought a potion of brilliance for 56 gold pieces
 39569 | Orc:2    | Bought a potion of brilliance for 56 gold pieces
 39612 | Orc:1    | Bought a potion of might for 52 gold pieces
 39683 | Orc:2    | Bought a scroll of fog for 48 gold pieces
 39683 | Orc:2    | Bought a scroll of teleportation for 72 gold pieces
 39683 | Orc:2    | Bought a scroll of teleportation for 72 gold pieces
 39899 | D:13     | Reached skill level 1 in Slings
 41847 | D:13     | Reached skill level 5 in Necromancy
 42002 | D:13     | Found a gate to the Vaults.
 42195 | D:14     | Found Irinykli's Assorted Antiques.
 42235 | D:14     | Reached skill level 1 in Shields
 42614 | D:14     | Found Qeonnaf's Assorted Antiques.
 42634 | D:14     | Bought a wand of iceblast (7) for 116 gold pieces
 42665 | D:14     | Found Bosaq's Armour Boutique.
 42839 | D:14     | Found Githoa's Distillery.
 42846 | D:14     | Bought a potion of invisibility for 112 gold pieces
 42860 | D:14     | Found Piybyciu's Magic Scroll Boutique.
 43411 | D:14     | Reached skill level 10 in Dodging
 43714 | D:15     | Entered Level 15 of the Dungeon
 43777 | D:15     | Found a gate leading to a gauntlet.
 44035 | D:15     | Reached skill level 11 in Dodging
 44160 | D:15     | Found a staircase to the Depths.
 44265 | D:15     | Noticed Azrael
 44270 | D:15     | Killed Azrael
 44746 | D:15     | Reached skill level 12 in Dodging
 45713 | Swamp:1  | Entered Level 1 of the Swamp
 46084 | Swamp:1  | Noticed a fenstrider witch
 46468 | Swamp:1  | Paralysed by a fenstrider witch for 2 turns
 46474 | Swamp:1  | HP: 1/110 [fenstrider witch (14)]
 46533 | Swamp:1  | Killed a fenstrider witch
 46534 | Swamp:1  | Gained mutation: Your hexes are more powerful. [demonic
                  | ancestry]
 46534 | Swamp:1  | Reached XP level 16. HP: 90/117 MP: 28/28
 47561 | Swamp:2  | Identified a scroll of acquirement
 47562 | Swamp:2  | Acquired 557 gold pieces
 48521 | Swamp:3  | Noticed a tentacled monstrosity
 48534 | Swamp:3  | Killed a tentacled monstrosity
 48535 | Swamp:3  | Reached skill level 13 in Dodging
 49410 | Swamp:3  | Identified the +9 trident of the Warrior {protect, rC+ rN+
                  | Will+ Dex-3}
 49577 | Swamp:4  | Entered Level 4 of the Swamp
 49820 | Swamp:4  | Learned a level 4 spell: Animate Dead
 49986 | Swamp:4  | Reached skill level 10 in Necromancy
 50005 | Swamp:4  | Noticed a thorn hunter
 50056 | Swamp:4  | Killed from afar by an eleionoma

Illustrated notes

Levels and vault maps discovered:
D:1:      dpeg_arrival_water_temple_mockup, layout_basic, serial_shops, shop,
          hangedman_decor_clover_reticule
D:2:      layout_basic, hellmonk_ecumenical_altar_watching_god, uniq_natasha,
          uniq_terence, uniq_crazy_yiuf_cottage
D:3:      minmay_chambers_of_twos, layout_rooms,
          minmay_overflow_temple_star_quad
D:4:      nicolae_cairo_tiling_large_dashed, layout_rooms, st_stairs_12,
          uniq_edmund, uniq_duvessa, uniq_grinder
D:5:      layout_rooms
D:6:      kennysheep_big_flooded_room, layout_loops_ring,
          amethyst_overflow_temple_binary, portal_sewer_entry_f,
          minmay_crystal_room, minmay_puff
D:7:      layout_rooms, nicolae_shop_overcharged_wands
D:8:      layout_basic, enter_bailey_3, nicolae_shop_sticking_my_neck_out
D:9:      cheibrodos_frozen_isle, layout_long_grid, david_lair_generic
D:10:     layout_basic, uniq_harold
D:11:     layout_roguey
D:12:     layout_rooms, zombieorc2_lemuel, ebering_ghost_reflecting_pool,
          minmay_mirror_moons_of_madness, uniq_nergalle, uniq_sonja
D:13:     layout_small_grid, david_vaults_5
D:14:     layout_gridville, serial_shops, shop, shop, nicolae_stop_n_shop_1,
          nicolae_take_the_stairs, nicolae_stop_n_shop_2,
          chequers_serial_rivers_micro_a
D:15:     grunt_enter_depths_magical_seal, layout_gridville,
          gauntlet_entry_generic, serial_bayou_pond_c, uniq_azrael
Lair:1:   layout_roguey [special_room_bee], lemuel_fruit_fields,
          grunt_megastairs_5
Lair:2:   layout_loops_ring, swamp_mist, chequers_serial_rivers_large_a,
          serial_bayou_pond_d
Lair:3:   layout_roguey, spider_nest_entry_web_field, grunt_megastairs_3,
          lemuel_fruit_tree
Lair:4:   layout_loops_ring, uniq_rupert, uniq_kirke
Lair:5:   layout_regular_city, minmay_slime_entry_eyes
Lair:6:   wormcave, layout_regular_city, hangedman_lair_caniforms_friends,
          serial_bayou_pond_a, minivault_25, pond
Swamp:1:  layout_falls_marsh, evilmike_swamp_ruin_rubble_1
Swamp:2:  layout_basic_swamp, evilmike_swamp_ruin_house_3
Swamp:3:  layout_falls_marsh, evilmike_swamp_ruin_house_4
Swamp:4:  swamp_alternative, layout_basic_swamp
Orc:1:    layout_caves, serial_shops, shop_statue,
          amcnicky_altar_lugonu_corruption
Orc:2:    pubby_orc_utopia, serial_shops

Skill      XL: |  1  2  3  4  5  6  7  8  9 10 11 12 13 14 15 16 |
---------------+-------------------------------------------------+-----
Dodging        | 2 3 4 8 9 12 13 | 13.3
Ice Magic      | 4 5 6 8 10 | 10.2
Fighting       | 1 2 3 4 5 7 8 9 |  9.6
Earth Magic    | 3 5 6 7 |  7.5
Conjurations   | 4 6 7 |  7.3
Spellcasting   | 5 8 |  8.0
Summonings     | 4 9 10 | 10.9
Polearms       | 1 5 |  5.7
Air Magic      | 8 10 | 10.2
Armour         | 3 |  3.3
Poison Magic   | 6 |  6.7
Necromancy     | 2 8 10 | 10.0
Slings         | 3 |  3.2
Shields        | 4 |  4.1
Stealth        | |  1.7

Action                   |  1- 3 |  4- 6 |  7- 9 | 10-12 | 13-15 | 16-18 || total
-------------------------+-------+-------+-------+-------+-------+-------++-------
Melee: Unarmed           |     1 |       |       |       |       |       ||     1
       Dagger            |    31 |       |       |       |       |       ||    31
       Punch             |     1 |       |       |     4 |     7 |       ||    12
       Trident           |       |    13 |    27 |   234 |   362 |       ||   636
       Quarterstaff      |       |     4 |       |       |       |       ||     4
       Flail             |       |       |     6 |       |       |       ||     6
       Bite              |       |       |     1 |    29 |    48 |       ||    78
 Fire: Hunting sling     |       |       |       |       |   139 |   104 ||   243
Throw: Javelin           |       |       |       |    27 |     1 |       ||    28
       Stone             |       |       |       |     9 |     2 |       ||    11
       Boomerang         |       |       |       |       |     9 |       ||     9
       Dart              |       |       |       |       |    35 |       ||    35
 Cast: Freeze            |    55 |    52 |    45 |    24 |       |       ||   176
       Frozen Ramparts   |       |     4 |    19 |    59 |    19 |       ||   101
       Ozocubu's Armour  |       |     2 |     8 |     6 |    13 |       ||    29
       Sandblast         |       |       |   162 |    35 |       |       ||   197
       Stone Arrow       |       |       |       |    13 |     2 |       ||    15
       Summon Ice Beast  |       |       |       |    21 |   130 |    28 ||   179
       Summon Lightning  |       |       |       |     8 |   196 |    42 ||   246
       Olgreb's Toxic Ra |       |       |       |       |    85 |     6 ||    91
       Borgnjor's Vile C |       |       |       |       |    11 |     8 ||    19
       Animate Dead      |       |       |       |       |       |     2 ||     2
       Vampiric Draining |       |       |       |       |       |     2 ||     2
Evoke: Wand              |       |    12 |    35 |     7 |    31 |       ||    85
       Box of beasts     |       |       |       |       |     3 |     1 ||     4
  Use: Scroll            |       |       |     7 |    27 |    16 |     6 ||    56
       Potion            |       |       |     4 |     4 |    17 |     1 ||    26
 Stab: Sleeping          |       |       |       |     2 |     2 |       ||     4
       Distracted        |       |       |       |       |    11 |       ||    11
       Invisible         |       |       |       |       |     1 |       ||     1
Armor: Robe              |    22 |    15 |    28 |       |       |       ||    65
       Acid dragon scale |       |       |    32 |   104 |   208 |    51 ||   395
Dodge: Dodged            |    60 |    38 |   136 |   280 |   515 |    77 ||  1106
Block: Buckler           |       |       |       |       |    31 |    47 ||    78

Table legend: (Time is in decaauts)
 A = Elapsed time spent in this place.
 B = Non-inter-level travel time spent in this place.
 C = Inter-level travel time spent in this place.
 D = Time resting spent in this place.
 E = Time spent auto-exploring this place.
 F = Levels seen in this place.
 G = Mean time per level.
                   A        B        C        D        E       F      G
               +--------+--------+--------+--------+--------+-----+--------+
         Total |  50431 |  47708 |   2723 |  23878 |  14881 |  27 | 1867.8 |
       Dungeon |  27711 |  25796 |   1915 |  13389 |   7949 |  15 | 1847.4 |
          Lair |  11762 |  11383 |    379 |   5159 |   4180 |   6 | 1960.3 |
         Swamp |   4155 |   4088 |     67 |   1908 |   1191 |   4 | 1038.8 |
  Orcish Mines |   6802 |   6441 |    361 |   3422 |   1560 |   2 | 3401.0 |
               +--------+--------+--------+--------+--------+-----+--------+

Top non-repeatable levels by time:
   Orc:2: 5402 daAuts
  Lair:6: 3843 daAuts
     D:6: 3405 daAuts
     D:9: 2559 daAuts
    D:13: 2448 daAuts
     D:2: 2206 daAuts
     D:4: 2044 daAuts
  Lair:1: 2007 daAuts
  Lair:2: 1922 daAuts
    D:15: 1867 daAuts
     D:1: 1837 daAuts
 Swamp:3: 1804 daAuts
    D:10: 1791 daAuts
    D:14: 1530 daAuts
  Lair:5: 1504 daAuts
